 Dungeon Crawl Stone Soup version 0.30.0-13-g156ef70053 (webtiles) character file.

Game seed: 3884125452828485750

58 jasper the Chopper (level 4, 0/40 HPs)
             Began as a Meteoran Berserker on May 17, 2023.
             Was a Follower of Trog.
             Slain by a gnoll
             ... wielding a +0 club
              (2 damage)
             ... on level 2 of the Dungeon.
             The game lasted 00:01:08 (363 turns).

jasper the Chopper (Meteoran Berserker)              Turns: 363, Time: 00:01:09

Health: 0/40       AC:  2    Str: 20    XL:     4   Next: 44%
Magic:  5/5        EV: 13    Int:  9    God:    Trog [*.....]
Gold:   36         SH:  0    Dex: 13    Spells: 3/3 levels left

rFire   . . .        a - +0 hand axe
rCold   . . .        (no shield)
rNeg    . . .        b - +0 animal skin
rPois   .            (no helmet)
rElec   .            (no cloak)
rCorr   .            (no gloves)
SInv    .            (no boots)
Will    .....        (no amulet)
Stlth   +            (no ring)
HPRegen 0.26/turn    (no ring)
MPRegen 0.09/turn

%: no passive effects
@: on berserk cooldown, slowed, glowing, very slow
A: sense surroundings 1, otherworldly, glowing, explore regen
a: Renounce Religion, Berserk


You were on level 2 of the Dungeon.
You worshipped Trog.
Trog was aware of your devotion.
You visited 1 branch of the dungeon, and saw 2 of its levels.

You collected 36 gold pieces.

Inventory:

Hand Weapons
 a - a +0 hand axe (weapon)
Missiles
 d - 5 silver javelins (quivered)
Armour
 b - a +0 animal skin (worn)
Scrolls
 c - a scroll of magic mapping {unknown}
 e - a scroll of vulnerability {unknown}
 f - a scroll of fear {unknown}


   Skills:
 + Level 3.7 Fighting
 * Level 4.6 Axes
 + Level 3.1 Armour
 + Level 3.1 Dodging


You had 3 spell levels left.
You didn't know any spells.
Your spell library was empty.

Dungeon Overview and Level Annotations

Branches:
Dungeon (2/15) Zot: 823

Altars:


Innate Abilities, Weirdness & Mutations

You passively map a small area around you.
You are easily found by Zot.
You glow in the dark.
You regain HP and MP as you explore.


Message History

You regained 4 hp, and now have 28/40 hp.
Found a scroll labelled REANGO ZEAC.
A gnoll comes into view. It is wielding a +0 halberd.
The gnoll misses you.
You regained 2 hp, and now have 30/40 hp.
The bat hits you but does no damage.
The gnoll throws a throwing net.
The throwing net hits you.
You become entangled in the net!
You see here a throwing net.
You tear a large gash into the net.
The bat hits you. The bat hits you but does no damage.
You struggle against the net.
The gnoll hits you with a +0 flail! The gnoll hits you with a +0 club.
The gnoll barely misses you.
The gnoll hits you from afar with a +0 spear.
The gnoll hits you with a +0 flail.
* * * LOW HITPOINT WARNING * * *
You take 21 damage, and have 9/40 hp.
MASSIVE DAMAGE!!
You shred the net and break free! The bat barely misses you.
The gnoll hits you from afar with a +0 spear.
* * * LOW HITPOINT WARNING * * *
The gnoll closely misses you. The gnoll hits you with a +0 club.
* * * LOW HITPOINT WARNING * * *
The gnoll misses you.
You take 4 damage, and have 5/40 hp.
You aren't carrying any potions.
Unknown command.
The bat hits you.
* * * LOW HITPOINT WARNING * * *
The bat barely misses you. The gnoll misses you.
The gnoll hits you with a +0 club.
* * * LOW HITPOINT WARNING * * *
You take 3 damage, and have 2/40 hp.
The bat attacks as you move away! The bat hits you.
* * * LOW HITPOINT WARNING * * *
The gnoll attacks as you move away! The gnoll closely misses you.
The bat barely misses you.
There is a stone staircase leading up here.
You take 1 damage, and have 1/40 hp.
The bat hits you but does no damage. The gnoll barely misses you.
The gnoll hits you with a +0 club.
You die...

##* , * , #. *, * ,
, , # *.######## ,*
#.###)....... ,
#.....######### *
####.†........#* ,
#.......)###
#.#.#...b..### ,
###<#.#..@g....# , *
#......#.g#g.#?##$..
#......#............
#........##g#$#.#.##
#......####.#...# ,
######## #.##..#* *
#.# .... #.) ..?.#
### #.##


You could see 4 gnolls and a bat.

Vanquished Creatures
  Natasha (D:2)
  2 endoplasms (D:1)
  3 giant cockroaches (D:1)
  A goblin (D:1)
  2 hobgoblins (D:1)
  4 jackals (D:1)
  3 kobolds
  A quokka (D:1)
  4 ball pythons (D:1)
  2 bats (D:1)
  2 frilled lizards (D:1)
  3 rats (D:1)
28 creatures vanquished.

Notes
Turn   | Place    | Note
-------+----------+-------------------------------------------
     0 | D:1      | jasper the Meteoran Berserker began the quest for the Orb.
     0 | D:1      | Reached XP level 1. HP: 19/19 MP: 2/2
   144 | D:1      | Reached XP level 2. HP: 23/26 MP: 3/3
   192 | D:1      | Reached skill level 4 in Axes
   260 | D:1      | Reached XP level 3. HP: 28/31 MP: 4/4
   330 | D:2      | Noticed Natasha
   340 | D:2      | Killed Natasha
   341 | D:2      | Reached XP level 4. HP: 26/40 MP: 5/5
   361 | D:2      | HP: 2/40 [gnoll/+0 club (3)]
   363 | D:2      | Slain by a gnoll

Illustrated notes

Levels and vault maps discovered:
D:1:      minmay_arrival_doors, layout_basic
D:2:      layout_basic, grunt_ministairs_9, uniq_natasha, uniq_robin

Skill      XL: |  1  2  3 |
---------------+----------+-----
Axes           | 4 |  4.6
Armour         | 3 |  3.1
Dodging        | 3 |  3.1
Fighting       | |  3.7

Action                     |  1- 3 |  4- 6 || total
---------------------------+-------+-------++-------
  Melee: Hand axe          |    63 |       ||    63
         Punch             |     1 |       ||     1
 Invoke: Berserk           |     1 |       ||     1
 Armour: Animal skin       |    28 |     3 ||    31
  Dodge: Dodged            |    36 |    10 ||    46
